 Dungeon Crawl Stone Soup version 0.31-a0-441-g867994ef1c (webtiles) character file.

Game seed: 11557853849355862590

410 LeprechaunX the Ruffian (level 6, 0/42 HPs)
             Began as an Octopode Shapeshifter on Aug 2, 2023.
             Succumbed to an adder's poison
             ... in a sewer.
             The game lasted 00:05:31 (3277 turns).

LeprechaunX the Ruffian (Octopode Shapeshifter)     Turns: 3277, Time: 00:05:32

Health: 0/42       AC:  1    Str: 16    XL:     6   Next: 89%
Magic:  6/6        EV: 11    Int: 11    God:
Gold:   166        SH:  0    Dex: 12    Spells: 5/5 levels left

rFire   + .          .
                       - Unarmed
rCold   + . .        (no shield)
rNeg    . . .        (helmet currently unavailable)
rPois   +            (no amulet)
rElec   +            (no ring)
rCorr   +            (no ring)
SInv    .            (no ring)
Will    .....        (no ring)
Stlth   ++           (no ring)
HPRegen 0.27/turn    (no ring)
MPRegen 0.10/turn    (no ring)
                     (no ring)

%: no passive effects
@: lethally poisoned (0 -> -3), beast-form, resistant, constricted
A: beast (slay +2), almost no armour, amphibious, 8 rings, camouflage 1,
gelatinous body 1, (nimble swimmer 1), tentacles
a: Begin Untransformation


You were in a sewer.
You were a hulking beast.
You visited 1 branch of the dungeon, and saw 4 of its levels.
You also visited: Sewer.

You collected 166 gold pieces.

Inventory:

Missiles
 m - 4 atropa-tipped darts (quivered)
Jewellery
 e - a ring of ice
Talismans
 b - a beast talisman (active)
 o - a serpent talisman
Wands
 l - a wand of acid (10)
Scrolls
 c - 5 scrolls of identify {unknown}
 d - a scroll of fog {unknown}
 g - a scroll of teleportation {unknown}
 i - a scroll of amnesia {unknown}
 p - a scroll of immolation {unknown}
 q - a scroll of enchant armour {unknown}
 r - a scroll of enchant weapon {unknown}
Potions
 a - a potion of lignification
 h - a potion of attraction {unknown}
 j - a potion of magic {unknown}
 k - a potion of haste {unknown}
 n - a potion of curing {unknown}


   Skills:
 - Level 3.0 Fighting
 + Level 3.6 Dodging
 - Level 5.0 Unarmed Combat
 * Level 4.2 Shapeshifting


You had 5 spell levels left.
You didn't know any spells.
Your spell library was empty.

Dungeon Overview and Level Annotations

Branches:
Dungeon (4/15)              Sewer (1/1)
 Temple: D:4-7

Altars:
Yredelemnul

Shops:
D:2 *


Innate Abilities, Weirdness & Mutations

You are a hulking beast.
Your limbs bulge with bestial killing power. (Slay +2)
You cannot wear most types of armour.
You are amphibious.
You can wear up to eight rings at the same time.
Your skin changes colour to match your surroundings (Stealth+).
Your rubbery body absorbs attacks. (AC +1, EV +1)
((You are camouflaged when in or above water. (Stealth+)))
You have tentacles for arms and can constrict up to eight enemies at once.


Message History

You feel sick.
You are no longer poisoned.
You see here an atropa-tipped dart.
The adder bites you.
* * * LOW HITPOINT WARNING * * *
You tentacle-slap the adder. Your grab misses the adder. You squeeze the adder.
The adder is severely wounded.
The adder barely misses you.
You closely miss the adder. Your grab misses the adder.
Your squeeze misses the adder.
The adder is severely wounded.
The adder barely misses you.
You miss the adder. Your grab misses the adder.
The adder is severely wounded.
The adder closely misses you.
The ball python bites you but does no damage.
The ball python misses you. The adder misses you.
You tentacle-slap the adder but do no damage.
Your grab misses the adder. You squeeze the adder.
The adder is almost dead.
The ball python misses you. The ball python grabs you.
The ball python constricts you.
* * * LOW HITPOINT WARNING * * *
The adder bites you.
* * * LOW HITPOINT WARNING * * *
You are poisoned.
The adder poisons you! The ball python barely misses you.
The ball python constricts you.
* * * LOW HITPOINT WARNING * * *
You closely miss the adder. You grab the adder.
The adder is almost dead.
You constrict the adder.
You kill the adder!
* * * LOW HITPOINT WARNING * * *
You feel sick. The rat barely misses you. The ball python bites you.
* * * LOW HITPOINT WARNING * * *
The ball python constricts you.
It was a potion of resistance.
You feel protected.
You die...

. #... #...#
##################....#
.≈≈≈≈≈≈≈#≈#~~~≈~#.....#
.~~~≈≈≈≈...~≈~~≈.....#
.~≈≈~~~~...~≈~~≈.....#
.~≈~≈~≈≈...~†≈†~rr...#
.~≈≈≈~~~...≈≈†≈≈hS..##
.~≈≈≈~~~#.≈≈≈≈≈~..###
################### ##
.# .# ##
###################


You could see a ball python and 2 rats.

Vanquished Creatures
  A phantom (D:3)
  A jelly (D:4)
  12 adders
  3 gnolls (D:3)
  4 river rats (Sewer)
  3 worms
  A dart slug (D:3)
  An orc (D:3)
  7 bats
  10 endoplasms
  4 giant cockroaches
  5 goblins
  10 hobgoblins
  6 jackals
  10 quokkas
  10 ball pythons
  5 frilled lizards
  8 kobolds
  28 rats
129 creatures vanquished.

Notes
Turn   | Place    | Note
-------+----------+-------------------------------------------
     0 | D:1      | LeprechaunX the Octopode Shapeshifter began the quest for
                  | the Orb.
     0 | D:1      | Reached XP level 1. HP: 13/13 MP: 1/1
   113 | D:1      | Reached XP level 2. HP: 17/18 MP: 2/2
   527 | D:1      | Reached XP level 3. HP: 17/23 MP: 3/3
  1211 | D:2      | Reached XP level 4. HP: 29/29 MP: 4/4
  1807 | D:2      | Found Bulogaeri's Assorted Antiques.
  1863 | D:3      | Reached skill level 4 in Unarmed Combat
  2020 | D:3      | Reached XP level 5. HP: 34/34 MP: 5/5
  2371 | D:3      | Found a basalt altar of Yredelemnul.
  2540 | D:3      | Noticed a phantom
  2553 | D:3      | Killed a phantom
  2554 | D:3      | Reached XP level 6. HP: 17/41 MP: 6/6
  2723 | D:3      | Found a faded altar of an unknown god.
  2986 | D:4      | Found a glowing drain.
  3006 | Sewer    | Entered a sewer
  3259 | Sewer    | Reached skill level 5 in Unarmed Combat
  3276 | Sewer    | HP: 1/42 [ball python (3)]
  3277 | Sewer    | Succumbed to an adder's poison

Illustrated notes

Levels and vault maps discovered:
D:1:      nicolae_arrival_somewhat_less_tricky_arrival, layout_loops_corners,
          amcnicky_mini_corridor_feature
D:2:      layout_loops_ring, serial_shops, nicolae_shop_trees,
          kennysheep_generic_room_7
D:3:      minmay_evil_eye, layout_basic, overflow_temple_1_default,
          ebering_ecumenical_altar_petrified, kennysheep_nondescript
D:4:      layout_basic, enter_ossuary_4, gup_sewer_entry_pipe, uniq_ijyb
Sewer:    sewer_minmay_w

Skill      XL: |  1  2  3  4  5  6 |
---------------+-------------------+-----
Fighting       | 2 3 |  3.0
Unarmed Combat | 4 5 |  5.0
Dodging        | 3 |  3.6
Shapeshifting  | 4 |  4.2

Action                     |  1- 3 |  4- 6 || total
---------------------------+-------+-------++-------
  Melee: Unarmed           |    60 |   174 ||   234
         Constrict         |    18 |    40 ||    58
         Tentacles         |    12 |    33 ||    45
         Punch             |     2 |     6 ||     8
  Throw: Dart              |       |     4 ||     4
    Use: Potion            |       |     1 ||     1
   Stab: Sleeping          |    12 |    12 ||    24
         Distracted        |       |     1 ||     1
 Armour: Skin              |     5 |     9 ||    14
  Dodge: Dodged            |    35 |   108 ||   143

Table legend: (Time is in decaauts)
 A = Elapsed time spent in this place.
 B = Non-inter-level travel time spent in this place.
 C = Inter-level travel time spent in this place.
 D = Time resting spent in this place.
 E = Time spent auto-exploring this place.
 F = Levels seen in this place.
 G = Mean time per level.
                   A        B        C        D        E       F      G
               +--------+--------+--------+--------+--------+-----+--------+
         Total |   3258 |   3166 |     92 |    317 |   2155 |   5 |  651.6 |
       Dungeon |   2994 |   2902 |     92 |    317 |   2032 |   4 |  748.5 |
         Sewer |    264 |    264 |      0 |      0 |    123 |   1 |  264.0 |
               +--------+--------+--------+--------+--------+-----+--------+

Top non-repeatable levels by time:
     D:1: 1097 daAuts
     D:3: 1077 daAuts
     D:2: 741 daAuts
   Sewer: 264 daAuts
     D:4: 79 daAuts
